 Dungeon Crawl Stone Soup version 0.31.0-11-ge490571c62 (webtiles) character file.

Game seed: 2913673975872367773

8 qw the Shooter (level 2, 0/16 HPs)
             Began as a Deep Elf Hunter on Feb 3, 2024.
             Slain by a goblin
             ... wielding a +0 club
              (2 damage)
             ... on level 1 of the Dungeon.
             The game lasted 00:00:00 (197 turns).

qw the Shooter (Deep Elf Hunter)                     Turns: 197, Time: 00:00:00

Health: 0/16       AC:  3    Str:  8    XL:     2   Next: 0%
Magic:  4/4        EV: 12    Int: 13    God:
Gold:   30         SH:  0    Dex: 18    Spells: 1/1 levels left

rFire   . . .        a - +0 shortbow
rCold   . . .        (shield currently unavailable)
rNeg    . . .        c - +0 leather armour
rPois   .            (no helmet)
rElec   .            (no cloak)
rCorr   .            (no gloves)
SInv    .            (no boots)
Will    .....        (no amulet)
Stlth   ++           (no ring)
HPRegen 0.22/turn    (no ring)
MPRegen 0.09/turn

%: no passive effects
@: no status effects
A: no striking features
a: no special abilities


You were on level 1 of the Dungeon.
You visited 1 branch of the dungeon, and saw 1 of its levels.

You collected 30 gold pieces.


   Skills:
 - Level 1.5 Fighting
 + Level 5.9 Ranged Weapons
 - Level 2.4 Dodging
 - Level 1.2 Stealth


You had one spell level left.
You didn't know any spells.
Your spell library was empty.

Inventory:

Hand Weapons
 a - a +0 shortbow (weapon)
Armour
 c - a +0 leather armour (worn)
Scrolls
 b - a scroll of butterflies
 e - a scroll of identify {unknown}
 f - a scroll of blinking {unknown}
Potions
 d - 2 potions of brilliance {unknown}

Dungeon Overview and Level Annotations

Branches:
Dungeon (1/15)

Altars:


Message History

You shoot an arrow. The ball python hisses angrily.
The arrow hits the ball python!
You kill the ball python!
Found a book of Minor Magic.
e - a scroll labelled RULOUDDOHOSK You see here a book of Minor Magic.
You open the door.
d - 2 fizzy clear potions (gained 1)
You see here a +1 mace of pain.
Enter note:
f - a scroll labelled MISAROIGGO As you open the door, it creaks loudly!
There is an open door here.
An endoplasm comes into view.
You shoot an arrow. The arrow barely misses the endoplasm.
The endoplasm freezes you.
You are frozen.
A goblin comes into view. It is wielding a +0 club.
You shoot an arrow. The arrow hits the endoplasm.
The endoplasm is moderately wounded.
The endoplasm freezes you.
You are frozen.
You shoot an arrow. The arrow hits the endoplasm.
The endoplasm is severely wounded.
The endoplasm freezes you.
You are frozen.
You shoot an arrow. The arrow hits the endoplasm.
The endoplasm is almost dead.
The endoplasm hits you but does no damage.
The goblin hits you with a +0 club.
You shoot an arrow. The arrow hits the endoplasm.
You kill the endoplasm!
The goblin hits you with a +0 club.
You have reached level 2!
You shoot an arrow. The arrow completely misses the goblin.
The goblin hits you but does no damage. The goblin hits you with a +0 club.
You shoot an arrow. The arrow barely misses the goblin.
The goblin hits you with a +0 club.
You die...

####### ### ......)
... ....... #.#
.######### #.#
.........# #.#
...(...# # #.#
....##.#. #.##.#
.........# #.##'##
%......### #..@..#
.......## #.g...#
........######.....#
.#.^.#......##.....#
........###..#.....#
...)....# ##......)#
........# ##..##+##
........#####..#
...............#


You could see a goblin.

Vanquished Creatures
  2 endoplasms (D:1)
  A hobgoblin (D:1)
  A kobold (D:1)
  A ball python (D:1)
  A bat (D:1)
  A frilled lizard (D:1)
  A rat (D:1)
8 creatures vanquished.

Notes
Turn   | Place    | Note
-------+----------+-------------------------------------------
     0 | D:1      | qw the Deep Elf Hunter began the quest for the Orb.
     0 | D:1      | Reached XP level 1. HP: 12/12 MP: 3/3
     0 | D:1      | 0 ||| qw: Version: 0.3-a-157-g843a77d
     0 | D:1      | 0 ||| qw: Game counter: 3647
     0 | D:1      | 0 ||| qw: Melee chars always use a shield: true
     0 | D:1      | 0 ||| qw: God list: Okawaru
     0 | D:1      | 0 ||| qw: Allow faded altars: false
     0 | D:1      | 0 ||| qw: Do Orc after clearing Dungeon:15 true
     0 | D:1      | 0 ||| qw: Do second Lair branch before Depths: true
     0 | D:1      | 0 ||| qw: Lair rune preference: random
     0 | D:1      | 0 ||| qw: Goals: Normal
     0 | D:1      | 0 ||| PLANNING D:1-11
   194 | D:1      | HP: 2/12 [goblin/+0 club (3)]
   196 | D:1      | Reached XP level 2. HP: 2/16 MP: 4/4
   197 | D:1      | Slain by a goblin

Levels and vault maps discovered:
D:1:      orjb1_lava_funnel, layout_basic

Action                     || total
---------------------------++-------
   Fire: Shortbow          ||    24
 Armour: Leather armour    ||    10
  Dodge: Dodged            ||     4

Table legend:
 A = Non-vault XP
 B = Vault XP
 C = Vault XP percentage of total XP
 D = Non-vault monster count
 E = Vault monster count
 F = Vault count percentage of total count
                 A         B        C        D         E       F
            +---------+---------+-------+---------+---------+-------
      Total |      12 |       0 |   0.0 |       8 |       0 |   0.0
            +---------+---------+-------+---------+---------+-------
        D:1 |      12 |       0 |   0.0 |       8 |       0 |   0.0
            +---------+---------+-------+---------+---------+-------
